 Dungeon Crawl Stone Soup version 0.25-a0-435-g4b9beb1 (webtiles) character file.

Game seed: 7803695328561141585, levelgen mode: deterministic

555 2tousent the Insei (level 7, -3/49 HPs)
             Began as a Purple Draconian Transmuter on Jan 27, 2020.
             Was a Follower of Hepliaklqana.
             Killed from afar by an orc wizard (7 damage)
             ... with a magic dart
             ... on level 4 of the Dungeon.
             The game lasted 00:11:27 (2917 turns).

2tousent the Insei (Purple Draconian Transmuter)    Turns: 2917, Time: 00:11:27

Health: -3/49      AC:  6    Str: 12    XL:     7   Next: 8%
Magic:  12/13      EV: 13    Int: 13    God:    Hepliaklqana [*.....]
Gold:   155        SH:  0    Dex: 14    Spells: 3/14 levels left

rFire    . . .     SeeInvis .     - Unarmed
rCold    . . .     Gourm    .   (no shield)
rNeg     + . .     Faith    .   (armour unavailable)
rPois    .         Spirit   .   (helmet restricted)
rElec    .         Reflect  .   p - scarf {cloud immunity}
rCorr    .         Harm     .   (no gloves)
MR       +....                  (no boots)
Stlth    +.........             (no amulet)
HPRegen  0.16/turn              i - ring of positive energy
MPRegen  0.13/turn              (no ring)

@: no status effects
A: breathe power, unfitting armour, reduced essence, cold-blooded, AC +6
a: Breathe Dispelling Energy, Recall Ancestor, Ancestor Identity, Renounce
Religion


You were on level 4 of the Dungeon.
You worshipped Hepliaklqana.
Hepliaklqana was aware of your devotion.
You were not hungry.

You visited 1 branch of the dungeon, and saw 4 of its levels.

You collected 155 gold pieces.

Inventory:

Missiles
 a - 32 arrows
Armour
 p - a scarf of cloud immunity (worn)
Jewellery
 i - a ring of positive energy (left hand)
Scrolls
 d - 2 scrolls of fear
 h - 2 scrolls of enchant weapon
 k - a scroll of remove curse
Potions
 b - a potion of flight
 e - a potion of brilliance
 f - a potion of heal wounds {unknown}
 g - a potion of curing {unknown}
 l - 2 potions of agility {unknown}
 m - a potion of cancellation {unknown}
 n - a potion of resistance {unknown}
 o - a potion of invisibility {unknown}
 r - 3 potions of haste {unknown}
Comestibles
 c - 6 rations


   Skills:
 + Level 2.1 Fighting
 + Level 2.3 Dodging
 * Level 5.4 Unarmed Combat
 + Level 4.2 Spellcasting
 * Level 4.8 Transmutations


You had 3 spell levels left.
You knew the following spells:

 Your Spells              Type           Power        Failure   Level  Hunger
a - Beastly Appendage     Tmut           ###...       2%          1    None
b - Spider Form           Tmut/Pois      #.........   22%         3    ###....
c - Sticks to Snakes      Tmut           ###.....     4%          2    ##.....
d - Blade Hands           Tmut           ###.......   61%         5    ######.

Your spell library contained the following spells:

 Spells                   Type           Power        Failure   Level  Hunger
 Ice Form                 Ice/Tmut       #.......     58%         4    ####...


Dungeon Overview and Level Annotations

Branches:
Dungeon (4/15)             Temple (0/1) D:4

Altars:
Hepliaklqana
Makhleb


Innate Abilities, Weirdness & Mutations

You can breathe bolts of dispelling energy.
Your rich purple scales are hard. (AC +6)
You cannot fit into any form of body armour.
You are cold-blooded and may be slowed by cold attacks.
Your life essence is reduced to manifest your ancestor. (-10% HP)


Message History

* * * LOW HITPOINT WARNING * * *
Unknown command.
You kill the orc wizard!
Manelesi hits something.
Something hits Manelesi.
Something hits Manelesi but does no damage.
Manelesi hits something but does no damage.
A magic dart appears from out of thin air!
The magic dart hits Manelesi.
Manelesi closely misses something.
Something closely misses Manelesi.
Manelesi hits something.
A magic dart appears from out of thin air!
The magic dart hits you.
* * * LOW HITPOINT WARNING * * *
Manelesi hits something!
Your transformation has ended.
Your scarf of cloud immunity unmelds from your body.
You feel immune to the effects of clouds.
A magic dart appears from out of thin air!
The magic dart hits you!
You die...

.######..........#.#.......#
........###...####.).%.#
######..# #.⌠.# #...).# #..#
#...# #.?...# #..# ##.##
#÷R...# #..# #..# #.....#
#..###.## #.o...#
#......######.....##
#..........@........#
#.#....#######....#.#
#.#....# ######.# #.#....# #
#.#....# #.#....# ......
######


You could see an orc.

Vanquished Creatures
  Sigmund (D:4)
  A bullfrog (D:2)
  An orc priest (D:3)
  An orc wizard (D:4)
  2 centaur skeletons (D:4)
  Jessica (D:3)
  A worker ant (D:4)
  3 adders
  5 oozes
  2 worms (D:2)
  4 dart slugs
  2 leopard geckos
  10 orcs
  5 giant cockroaches
  5 goblins
  10 hobgoblins
  8 jackals (D:3)
  5 kobolds
  A quokka (D:2)
  2 ball pythons (D:1)
  8 bats
  5 frilled lizards
  3 rats
86 creatures vanquished.

Vanquished Creatures (collateral kills)
  An adder (D:4)
  A hobgoblin (D:3)
2 creatures vanquished.

Grand Total: 88 creatures vanquished

Notes
Turn   | Place    | Note
-------+----------+-------------------------------------------
     0 | D:1      | 2tousent the Draconian Transmuter began the quest for the
                  | Orb.
     0 | D:1      | Reached XP level 1. HP: 16/16 MP: 3/3
   128 | D:1      | Reached XP level 2. HP: 7/23 MP: 0/5
   571 | D:1      | Reached XP level 3. HP: 16/28 MP: 4/6
   848 | D:2      | Learned a level 3 spell: Spider Form
   851 | D:2      | Learned a level 2 spell: Sticks to Snakes
   858 | D:2      | Noticed a bullfrog
   866 | D:2      | Killed a bullfrog
   866 | D:2      | Reached skill level 4 in Unarmed Combat
   866 | D:2      | Reached XP level 4. HP: 28/35 MP: 3/7
   876 | D:2      | Found a burning altar of Makhleb.
  1195 | D:2      | Reached XP level 5. HP: 24/40 MP: 6/9
  1828 | D:3      | Noticed Jessica
  1839 | D:3      | Killed Jessica
  1982 | D:3      | Found a hazy altar of Hepliaklqana.
  2356 | D:3      | Found a faded altar of an unknown god.
  2385 | D:3      | Became a worshipper of Hepliaklqana the Forgotten
  2385 | D:3      | Reached * piety under Hepliaklqana
  2530 | D:3      | Reached XP level 6. HP: 32/42 MP: 10/10
  2540 | D:3      | Learned a level 5 spell: Blade Hands
  2602 | D:4      | Noticed Sigmund
  2612 | D:4      | Killed Sigmund
  2612 | D:4      | Reached skill level 5 in Unarmed Combat
  2692 | D:4      | Found a staircase to the Ecumenical Temple.
  2739 | D:4      | Your scales start taking on a rich purple colour.
  2739 | D:4      | Reached XP level 7. HP: 30/49 MP: 13/13
  2917 | D:4      | Killed from afar by an orc wizard

Levels and vault maps discovered:
D:1:      lemuel_arrival_muddy, layout_basic
D:2:      kennysheep_big_flooded_room, layout_loops_ring, marbit_many_paths,
          hex_tiny
D:3:      layout_rooms, lemuel_doored_altar,
          chequers_ecumenical_altar_simple_redux, grunt_ministairs_8,
          uniq_jessica
D:4:      layout_basic, minmay_temple_entry_junction, uniq_pikel, uniq_sigmund

Skill      XL: |  1  2  3  4  5  6 |
---------------+-------------------+-----
Unarmed Combat | 4 5 |  5.4
Transmutations | 3 4 |  4.8
Spellcasting   | 3 4 |  4.2
Dodging        | 2 |  2.3
Fighting       | 2 |  2.1

Action                   |  1- 3 |  4- 6 |  7- 9 || total
-------------------------+-------+-------+-------++-------
Melee: Unarmed           |    89 |   166 |     4 ||   259
       Tailslap          |     4 |    10 |       ||    14
       Headbutt          |     3 |     1 |       ||     4
       Punch             |     1 |     1 |       ||     2
       Kick              |     1 |       |       ||     1
 Cast: Beastly Appendage |     5 |     1 |       ||     6
       Spider Form       |     1 |    12 |     1 ||    14
Invok: Ancestor Identity |       |     1 |       ||     1
  Use: Scroll            |     4 |     4 |       ||     8
 Stab: Sleeping          |       |     1 |       ||     1
  Eat: Chunk             |       |     8 |     1 ||     9
Armor: Skin              |    26 |    42 |     2 ||    70
Dodge: Dodged            |    89 |   116 |     3 ||   208

Table legend:
 A = Non-vault XP
 B = Vault XP
 C = Vault XP percentage of total XP
 D = Non-vault monster count
 E = Vault monster count
 F = Vault count percentage of total count
                 A         B        C        D         E       F
            +---------+---------+-------+---------+---------+-------
      Total |     418 |     375 |  47.3 |      77 |      11 |  12.5
            +---------+---------+-------+---------+---------+-------
        D:1 |      52 |       0 |   0.0 |      22 |       0 |   0.0
        D:2 |      67 |      91 |  57.6 |      19 |       3 |  13.6
        D:3 |     121 |      53 |  30.5 |      29 |       7 |  19.4
        D:4 |     178 |     231 |  56.5 |       7 |       1 |  12.5
            +---------+---------+-------+---------+---------+-------
